 Dungeon Crawl Stone Soup version 0.23.2-40-g277498a001 (webtiles) character file.

Game seed: 6638787448121332913

926 Exodus22XD the Thaumaturge (level 7, -1/36 HPs)
             Began as a Deep Elf Wizard on Sept 21, 2019.
             Was a Believer of Vehumet.
             Slain by a worker ant (4 damage)
             ... on level 4 of the Dungeon.
             The game lasted 00:13:40 (3858 turns).

Exodus22XD the Thaumaturge (Deep Elf Wizard)        Turns: 3858, Time: 00:13:41

Health: -1/36      AC:  5    Str:  4    XL:     7   Next: 85%
Magic:  1/22       EV: 10    Int: 25    God:    Vehumet [**....]
Gold:   218        SH:  0    Dex: 13    Spells: 14/25 levels left

rFire    . . .     SeeInvis .   i - +0 dagger
rCold    + . .     Gourm    .   (no shield)
rNeg     . . .     Faith    .   a - +0 robe
rPois    .         Spirit   .   f - +2 hat
rElec    .         Reflect  .   (no cloak)
rCorr    .         Harm     .   (no gloves)
MR       .....                  k - +0 pair of boots
Stlth    +.........             (no amulet)
HPRegen  0.12/turn              g - ring of protection from cold
MPRegen  0.18/turn              r - -3 ring of evasion (curse)

@: confused
A: no striking features
a: Renounce Religion


You were on level 4 of the Dungeon.
You worshipped Vehumet.
Vehumet was pleased with you.
You were not hungry.

You visited 1 branch of the dungeon, and saw 4 of its levels.
You also visited: Sewer.

You collected 218 gold pieces.

Inventory:

Hand Weapons
 i - a +0 dagger (weapon)
Armour
 a - a +0 robe (worn)
 f - a +2 hat (worn)
 k - a +0 pair of boots (worn)
Jewellery
 g - a ring of protection from cold (left hand)
 r - a cursed -3 ring of evasion (right hand)
Scrolls
 b - a scroll of random uselessness {unknown}
 c - a scroll of amnesia {unknown}
 h - 2 scrolls of remove curse {unknown}
 j - a scroll of fog {unknown}
 m - 3 scrolls of identify {unknown}
 n - 2 scrolls of teleportation {unknown}
 s - a scroll of blinking {unknown}
 t - a scroll of noise {unknown}
Potions
 e - 2 potions of heal wounds {unknown}
 o - a potion of resistance {unknown}
 p - a potion of mutation {unknown}
 q - a potion of haste {unknown}
Comestibles
 d - 4 rations


   Skills:
 - Level 2.4 Dodging
 - Level 2.4 Stealth
 * Level 9.9 Spellcasting
 - Level 4.3 Conjurations
 - Level 4.6 Summonings
 - Level 1.1 Translocations


You had 14 spell levels left.
You knew the following spells:

 Your Spells              Type           Power        Failure   Level  Hunger
a - Magic Dart            Conj           ####         1%          1    None
b - Call Imp              Summ           #####...     1%          2    None
c - Blink                 Tloc           N/A          4%          2    None
d - Conjure Flame         Conj/Fire      ###.....     6%          3    None
e - Mephitic Cloud        Conj/Pois/Air  ###.....     9%          3    None

Your spell library contained the following spells:

 Spells                   Type           Power        Failure   Level  Hunger
 Sting                    Conj/Pois      ###.         1%          1    None
 Slow                     Hex            ##......     8%          2    None


Dungeon Overview and Level Annotations

Branches:
Dungeon (4/15)
 Temple: D:4-7

Altars:
Ashenzari
Vehumet


Message History

Okay, then.
Casting: Mephitic Cloud (safe; 9% risk of failure)
Confirm with . or Enter, or press ? or * to list all spells.
Aiming: Mephitic Cloud (safe; 9% risk of failure)
Press: ? - help, Shift-Dir - straight line, f/p - worker ant
Aim: a worker ant (severely wounded) That beam is likely to hit you.
Continue anyway?
The ball explodes into a vile cloud!
The stinking cloud engulfs the worker ant but does no damage.
The worker ant is severely wounded.
The stinking cloud engulfs you but does no damage.
The stinking cloud engulfs the adder but does no damage.
You are engulfed in noxious fumes.
You choke on the stench!
You are confused.
* * * LOW HITPOINT WARNING * * *
You hear a shout!
The adder is engulfed in noxious fumes.
The adder appears confused.
The worker ant is engulfed in noxious fumes.
The worker ant bites you.
You die...

.. #.....>..###..####..#....
..## #......##...####..>##...
#...##..(.......###.#.....†.#
#......#...............p....#
........##.......####...).....
...##...#........).......#...#
#...........................##
.............○☼...####......#.
....##<.....@aS.#####).......
... #.......○..#.##.........
#....#..................
...###......o.......)...
...........###...........
.[.......#................
......#.###..##...........
............##............
#...............##....


You could see a worker ant, an adder (confused) and an orc.

Vanquished Creatures
  Pikel (D:4)
  A hound (D:4)
  3 orc priests
  An iguana (D:4)
  10 adders
  8 oozes
  3 worms
  A dart slug (D:4)
  15 leopard geckos
  8 orcs
  11 ball pythons
  15 giant cockroaches
  9 hobgoblins
  A jackal (D:3)
  2 quokkas
  6 bats
  8 frilled lizards
  9 goblins
  8 kobolds
  9 rats
129 creatures vanquished.

Vanquished Creatures (collateral kills)
  2 bullfrogs (Sewer)
  An ooze (Sewer)
  3 leopard geckos (Sewer)
  2 ball pythons (Sewer)
  3 giant cockroaches (Sewer)
  A goblin (D:3)
  A quokka (D:3)
13 creatures vanquished.

Vanquished Creatures (others)
  A centaur skeleton (D:4)
  A worker ant (D:4)
  An ooze (D:4)
  An adder skeleton (D:4)
  A worm (D:4)
  2 orcs (D:4)
7 creatures vanquished.

Grand Total: 149 creatures vanquished

Notes
Turn   | Place    | Note
-------+----------+-------------------------------------------
     0 | D:1      | Exodus22XD the Deep Elf Wizard began the quest for the Orb.
     0 | D:1      | Reached XP level 1. HP: 10/10 MP: 7/7
   195 | D:1      | Reached XP level 2. HP: 13/15 MP: 1/9
   987 | D:2      | Reached XP level 3. HP: 19/19 MP: 5/10
  1120 | D:2      | Found a shattered altar of Ashenzari.
  1753 | D:3      | Reached XP level 4. HP: 24/24 MP: 9/12
  1757 | D:3      | Learned a level 2 spell: Call Imp
  1760 | D:3      | Learned a level 2 spell: Blink
  1764 | D:3      | Learned a level 3 spell: Conjure Flame
  1768 | D:3      | Learned a level 3 spell: Mephitic Cloud
  1802 | D:3      | Found a radiant altar of Vehumet.
  1819 | D:3      | Became a worshipper of Vehumet
  2260 | D:3      | Reached XP level 5. HP: 28/28 MP: 3/13
  2760 | D:4      | Reached * piety under Vehumet
  2760 | D:4      | Offered knowledge of Freeze by Vehumet.
  2810 | D:4      | Found a glowing drain.
  2814 | Sewer    | Entered a sewer
  2951 | Sewer    | Reached XP level 6. HP: 32/32 MP: 1/15
  3074 | Sewer    | Reached skill level 5 in Spellcasting
  3291 | Sewer    | Offered knowledge of Sting by Vehumet.
  3296 | Sewer    | Reached ** piety under Vehumet
  3445 | Sewer    | Reached skill level 6 in Spellcasting
  3641 | D:4      | Noticed a slave
  3651 | D:4      | Noticed Pikel
  3652 | D:4      | Noticed a slave
  3656 | D:4      | Noticed a slave
  3657 | D:4      | Killed Pikel
  3657 | D:4      | Reached skill level 9 in Spellcasting
  3657 | D:4      | Reached XP level 7. HP: 36/36 MP: 6/22
  3858 | D:4      | Slain by a worker ant

Skill      XL: |  1  2  3  4  5  6 |
---------------+-------------------+-----
Conjurations   | 2 3 4 |  4.3
Summonings     | 3 4 |  4.6
Spellcasting   | 9 |  9.9
Dodging        | |  2.4
Stealth        | |  2.4
Translocations | |  1.1

Action                   |  1- 3 |  4- 6 |  7- 9 || total
-------------------------+-------+-------+-------++-------
Melee: Dagger            |     1 |    16 |     4 ||    21
 Cast: Magic Dart        |    99 |   192 |    26 ||   317
       Call Imp          |       |     8 |     3 ||    11
       Mephitic Cloud    |       |     3 |     3 ||     6
       Blink             |       |     1 |       ||     1
       Conjure Flame     |       |     2 |       ||     2
  Use: Potion            |       |       |     1 ||     1
  Eat: Chunk             |     2 |     6 |     1 ||     9
Armor: Robe              |     6 |    23 |     8 ||    37
Dodge: Dodged            |     9 |    50 |    17 ||    76
